 Dungeon Crawl Stone Soup version 0.20.0-8-g6b59dc7 (webtiles) character file.

603 Hasart the Changer (level 7, -6/31 HPs)
             Began as a Felid Transmuter on June 1, 2017.
             Was an Initiate of Sif Muna.
             Killed by divine providence
             ... invoked by an orc priest
              (13 damage)
             ... on level 6 of the Dungeon.
             The game lasted 00:14:47 (6231 turns).

Hasart the Changer (Felid Transmuter)               Turns: 6231, Time: 00:14:47

Health: -6/31      AC:  2    Str:  6    XL:     7   Next: 18%
Magic:  5/11       EV: 21    Int: 14    God:    Sif Muna [......]
Gold:   238        SH:  0    Dex: 19    Spells: 3/10 levels left
                                        Lives:  0   Deaths: 2

rFire    . . .     SeeInvis +     - Unarmed
rCold    + . .     Gourm    .   (shield unavailable)
rNeg     . . .     Faith    .   (armour unavailable)
rPois    .         Spirit   .   (helmet unavailable)
rElec    .         Reflect  .   (cloak unavailable)
rCorr    .         Harm     .   (gloves unavailable)
MR       +....                  (boots unavailable)
Stlth    +++.......             (no amulet)
Regen    0.1/turn               i - ring of protection from cold
MPRegen  0.2/turn               (no ring)

@: appendage (expiring), quick
A: no armour, no weapons or thrown items, stealth, claws 1, fangs 3, horns 2,
see invisible, carnivore 3, speed 1, shaggy fur 2, slow metabolism 1, sharp paws
a: End Transformation, Renounce Religion


You were on level 6 of the Dungeon.
You worshipped Sif Muna.
Sif Muna was noncommittal.
You were full.
You had grown temporary horns.
You visited 2 branches of the dungeon, and saw 7 of its levels.

You collected 280 gold pieces.
You spent 42 gold pieces at shops.

Inventory:

Missiles
 a - 35 arrows
Jewellery
 i - a ring of protection from cold (left paw)
Wands
 v - a wand of lightning (6/15)
 B - a wand of random effects (46/48)
 D - a wand of polymorph (12/24)
Scrolls
 d - 2 scrolls of immolation {unknown}
 g - 6 scrolls of identify {unknown}
 h - 5 scrolls of teleportation {unknown}
 k - 2 scrolls of blinking {unknown}
 l - 4 scrolls of magic mapping {unknown}
 o - 3 scrolls of fog {unknown}
 p - 2 scrolls of enchant armour {unknown}
 s - a scroll of fear {unknown}
 t - a scroll of enchant weapon {unknown}
 w - a scroll of noise {unknown}
 y - a scroll of amnesia {unknown}
 z - a scroll of remove curse {unknown}
Potions
 e - 2 potions of degeneration {unknown}
 f - a potion of berserk rage {unknown}
 j - a potion of lignification {unknown}
 m - a potion of brilliance {unknown}
 q - a potion of magic {unknown}
 u - a potion of ambrosia {unknown}
 x - 2 potions of heal wounds {unknown}
 A - a potion of agility {unknown}
 C - 2 potions of mutation {unknown}
Books
 b - a book of Changes

   Spells                             Type                      Level
   a - Beastly Appendage              Transmutation                1
   b - Sticks to Snakes               Transmutation                2
   c - Spider Form                    Transmutation/Poison         3
   d - Ice Form                       Ice/Transmutation            4
   e - Blade Hands                    Transmutation                5
 n - a book of Cantrips

   Spells                             Type                      Level
   a - Confusing Touch                Hexes                        1
   b - Animate Skeleton               Necromancy                   1
   c - Summon Small Mammal            Summoning                    1
   d - Apportation                    Translocation                1
Comestibles
 c - 4 meat rations
 r - 3 royal jellies


   Skills:
 + Level 3.0 Fighting
 + Level 5.4 Dodging
 + Level 4.6 Stealth
 * Level 5.6 Unarmed Combat
 - Level 2.0 Spellcasting
 * Level 6.0 Transmutations
 + Level 2.7 Ice Magic


You had 3 spell levels left.
You knew the following spells:

 Your Spells              Type           Power        Failure   Level  Hunger
a - Beastly Appendage     Tmut           ###...       1%          1    ##.....
b - Sticks to Snakes      Tmut           ###.....     3%          2    ###....
c - Ice Form              Ice/Tmut       ##......     36%         4    #####..


Dungeon Overview and Level Annotations

Branches:
Dungeon (6/15)             Temple (1/1) D:4

Altars:
Ashenzari
Cheibriados
Dithmenos
Elyvilon
Gozag
Kikubaaqudgha
Nemelex Xobeh
Okawaru
Ru
Sif Muna
Trog
Uskayaw
Vehumet
Xom
Yredelemnul
Zin

Shops:
D:4 *   D:5 [   D:6 (


Innate Abilities, Weirdness & Mutations

You cannot wear armour.
You are incapable of wielding weapons or throwing items.
Your paws allow you to move quietly. (Stealth)
You have sharp claws.
You have razor-sharp teeth.
You have supernaturally acute eyesight. (SInv)
You are carnivorous and can eat meat at any time.
You cover ground quickly.
You are covered in thick fur. (AC +2)
You have a slow metabolism.
Your sharp claws are effective at attacking unaware monsters.
You have a pair of horns on your head.


Message History

The orc priest hits your ball python with a flail.
Your ball python dies!
Casting: Sticks to Snakes
Confirm with . or Enter, or press ? or * to list all spells.
You create a snake!
You now have 37 arrows.
Unknown command.
You swap places.
Your ball python completely misses the orc priest.
Your ball python grabs the orc priest.
Your ball python constricts the orc priest.
The orc priest hits your ball python with a flail.
Your ball python dies!
Casting: Sticks to Snakes
Confirm with . or Enter, or press ? or * to list all spells.
You create 2 snakes!
You now have 35 arrows.
Unknown command.
You swap places.
The orc priest mumbles some strange prayers to Beogh against you.
Beogh smites you!
You die...

...........#..##....###
#...#####[##..##.#
###.......##.##..#
###...###..#..#
#.....##.)..#
#.###....)### #p
#.[...<# .. #.#.##.##
.### #..#.##@.#
.####.[##.###S#
####......##..# #.#
†........##..## #S#
.<#......##.## #o#
#........##.#
#S######...
.........##.#
#)o.Soo....
............#
######.....
.........##.### o..


You could see an orc priest, an adder, an orc and 2 friendly ball pythons.

Vanquished Creatures
  A sky beast (D:5)
  A phantom (D:5)
  Blork the orc (D:6)
  A howler monkey (D:4)
  A hound (D:5)
  A jelly (D:5)
  2 orc wizards (D:3)
  An orc priest (D:6)
  2 bullfrog skeletons
  Natasha (thrice) (D:4)
  3 worker ants
  A worker ant zombie (D:5)
  A gnoll (D:1)
  3 adders
  An adder skeleton (D:5)
  3 worms
  2 leopard geckos
  16 orcs
  13 bats
  7 giant cockroaches
  7 goblins
  6 hobgoblins
  6 jackals
  A quokka (D:5)
  A ball python (D:1)
  2 frilled lizards
  7 kobolds
  5 rats
99 creatures vanquished.

Vanquished Creatures (collateral kills)
  Pikel (D:6)
  Eustachio (D:6)
  An ogre (D:5)
  A jelly (D:6)
  A worker ant (D:4)
  3 orcs (D:3)
8 creatures vanquished.

Vanquished Creatures (others)
  2 slaves (D:6)
  An ogre (D:6)
  An adder (D:6)
  A howler monkey skeleton (D:6)
  A shadow imp (D:6)
  A giant cockroach (D:6)
7 creatures vanquished.

Grand Total: 114 creatures vanquished

Notes
Turn   | Place    | Note
-------+----------+-------------------------------------------
     0 | D:1      | Hasart the Felid Transmuter began the quest for the Orb.
     0 | D:1      | Reached XP level 1. HP: 9/9 MP: 4/4
   243 | D:1      | Reached XP level 2. HP: 9/12 MP: 4/6
   506 | D:1      | Reached XP level 3. HP: 15/15 MP: 7/7
   946 | D:2      | Learned a level 2 spell: Sticks to Snakes
  1353 | D:2      | Reached skill level 1 in Stealth
  1409 | D:2      | Reached skill level 3 in Transmutations
  1809 | D:3      | Reached XP level 4. HP: 19/19 MP: 5/8
  1902 | D:3      | Mangled by an orc
  1903 | D:3      | Reached XP level 3. HP: -7/16 MP: 3/7
  1949 | D:3      | Reached XP level 4. HP: 17/19 MP: 6/8
  2473 | D:3      | Learned a level 4 spell: Ice Form
  2831 | D:4      | Noticed Natasha
  2834 | D:4      | Found Itruecua's General Store.
  2844 | D:4      | Killed Natasha
  2844 | D:4      | Reached XP level 5. HP: 11/22 MP: 9/9
  3002 | D:4      | Bought a potion of curing for 42 gold pieces
  3106 | D:3      | Reached skill level 4 in Transmutations
  3354 | D:4      | Reached skill level 1 in Ice Magic
  3355 | D:4      | Noticed an ogre
  3358 | D:4      | Noticed Natasha
  3370 | D:5      | Entered Level 5 of the Dungeon
  3516 | D:5      | Noticed a phantom
  3542 | D:5      | Killed a phantom
  3542 | D:5      | Gained mutation: You are covered in thick fur. (AC +2) [Felid growth]
  3542 | D:5      | Reached XP level 6. HP: 8/26 MP: 4/10
  4122 | D:5      | Found Septouru's Antique Armour Shoppe.
  4482 | D:5      | Noticed a sky beast
  4493 | D:5      | Killed a sky beast
  4493 | D:5      | Reached skill level 5 in Transmutations
  4493 | D:5      | Reached XP level 7. HP: 13/30 MP: 11/11
  5204 | D:4      | Found an opulent altar of Gozag.
  5204 | D:4      | Found a basalt altar of Yredelemnul.
  5204 | D:4      | Found a hide-covered altar of Uskayaw.
  5204 | D:4      | Found a radiant altar of Vehumet.
  5249 | D:4      | Killed Natasha
  5257 | D:4      | Noticed Natasha
  5265 | D:4      | Killed Natasha
  5436 | D:4      | Found a staircase to the Ecumenical Temple.
  5578 | Temple   | Entered the Ecumenical Temple
  5585 | Temple   | Became a worshipper of Sif Muna the Loreminder
  5681 | D:6      | Noticed Blork the orc
  5692 | D:6      | Killed Blork the orc
  5692 | D:6      | Reached skill level 5 in Dodging
  5692 | D:6      | Reached skill level 5 in Unarmed Combat
  5699 | D:6      | Noticed Pikel
  5710 | D:6      | Killed Pikel
  5710 | D:6      | Reached XP level 8. HP: 26/34 MP: 10/12
  5794 | D:6      | Noticed Eustachio
  5836 | D:6      | Slain by Eustachio
  5836 | D:6      | Killed Eustachio
  5837 | D:6      | Reached XP level 7. HP: -3/31 MP: 8/11
  5837 | D:6      | Found Uteatrym's Weapon Boutique.
  5849 | D:6      | Reached skill level 6 in Transmutations
  6231 | D:6      | Killed from afar by an orc priest

Skill      XL: |  1  2  3  4  5  6  7 |
---------------+----------------------+-----
Dodging        | 3 4 5 |  5.4
Stealth        | 1 2 3 4 |  4.6
Transmutations | 3 4 5 6 |  6.0
Fighting       | 2 3 |  3.0
Unarmed Combat | 4 5 |  5.6
Ice Magic      | 1 2 |  2.7
Spellcasting   | |  2.0

Action                   |  1- 3 |  4- 6 |  7- 9 || total
-------------------------+-------+-------+-------++-------
Melee: Unarmed           |   134 |   232 |    55 ||   421
       Headbutt          |    16 |    30 |     4 ||    50
       Bite              |    11 |    22 |     8 ||    41
       Punch             |     1 |     2 |     2 ||     5
 Cast: Beastly Appendage |    15 |    21 |     3 ||    39
       Sticks to Snakes  |     1 |    13 |    16 ||    30
  Use: Potion            |       |     1 |       ||     1
 Stab: Sleeping          |     4 |     6 |     1 ||    11
       Distracted        |       |     2 |     1 ||     3
  Eat: Chunk             |     8 |    12 |     5 ||    25
Armor: Skin              |    11 |    14 |     2 ||    27
Dodge: Dodged            |   112 |   189 |    43 ||   344
